AoeStats
← VLLC23

Arabia

506470822Analyzed
1v1 RM · 17d ago on Sep 13, 2026· 42m 29s· 2 players
Game mode
Random Map
Map size
Tiny (2 player)
Population
200
Speed
Normal
Resources
Standard
Victory
Conquest
Starting age
Dark Age
Ending age
Imperial Age
RankedLock teamsTeams togetherTeam positionsShared explorationLock speedFull tech treeHidden civsTurbo modeCheats
Victory
Defeat
🇦🇷 Burgundians · Argentina
1206
+15
🇪🇸 Italians · Spain
1192
-15
Bomberman87
7:39 Loom
9:53 Feudal Age
10:42 Double-Bit Axe
18:07 Castle Age
16:03 Horse Collar
16:40 Gold Mining
17:39 Fletching
19:07 Crossbowman
21:48 Padded Archer Armor
23:23 Town Watch
25:17 Wheelbarrow
27:35 Bodkin Arrow
29:27 Thumb Ring
29:54 Bow Saw
31:35 Leather Archer Armor
31:19 Stone Mining
35:19 Ballistics
39:05 Imperial Age
37:38 Hand Cart
38:05 Masonry
39:34 Stone Shaft Mining
39:33 Town Patrol
41:02 Chemistry
40:24 Redemption
40:23 Bracer
41:25 Arbalester
41:26 Elite Skirmisher
43:08 Ring Archer Armor
VLLC23
6:46 Loom
9:18 Feudal Age
8:33 Double-Bit Axe
10:17 Bow Saw
10:24 Horse Collar
11:33 Heavy Plow
12:55 Wheelbarrow
19:33 Castle Age
18:39 Gold Mining
19:02 Scale Barding Armor
19:44 Forging
20:17 Gold Shaft Mining
20:44 Chain Barding Armor
23:16 Cavalier
27:56 Hand Cart
28:27 Crop Rotation
29:12 Stone Mining
31:01 Iron Casting
32:29 Stone Shaft Mining
31:46 Town Watch
33:12 Husbandry
34:01 Fletching
35:46 Ballistics
38:20 Imperial Age
36:01 Burgundian Vineyards
35:43 Treadmill Crane
37:20 Two-Man Saw
38:01 Masonry
38:00 Bodkin Arrow
38:43 Padded Archer Armor
40:20 Chemistry
39:44 Conscription
39:18 Elite Skirmisher
40:00 Bracer
41:59 Leather Archer Armor
42:21 Plate Barding Armor
43:44 Blast Furnace
Connection lost

Rejoining the realm…

Still unreachable

The connection could not be restored.

Session expired

The server has moved on; the page needs a fresh start.